 Dungeon Crawl Stone Soup version 0.22-a0-482-g76e0a5f (webtiles) character file.

71 namelastname112 the Scratcher (level 4, 0/30 HPs)
             Began as a Felid Wanderer on June 17, 2018.
             Succumbed to an adder's poison
             ... on level 3 of the Dungeon.
             The game lasted 00:03:47 (3034 turns).

namelastname112 the Scratcher (Felid Wanderer)      Turns: 3034, Time: 00:03:48

Health: 0/30       AC: 22    Str:  5 (6)  XL:     4   Next: 5%
Magic:  8/8        EV:  4    Int: 17 (18) God:
Gold:   131        SH:  0    Dex: 17 (18) Spells: 7/7 levels left
                                        Lives:  0   Deaths: 1

rFire    + . .     SeeInvis +     - Unarmed
rCold    . . .     Gourm    .   (shield unavailable)
rNeg     + + +     Faith    .   (armour unavailable)
rPois    +         Spirit   .   (helmet unavailable)
rElec    .         Reflect  .   (cloak unavailable)
rCorr    .         Harm     .   (gloves unavailable)
MR       .....     NoTele   +   (boots unavailable)
Stlth    +++.......             (no amulet)
HPRegen  0.10/turn              f - ring of protection from fire
MPRegen  0.11/turn              (no ring)

@: brilliant, lethally poisoned (0 -> -1), tree-form, very slightly
contaminated, invisible
A: very small, no armour, no weapons or thrown items, stealth, see invisible,
carnivore, slow metabolism 1
a: no special abilities


You were on level 3 of the Dungeon.
You were full.
You were a tree.
You visited 1 branch of the dungeon, and saw 3 of its levels.

You collected 131 gold pieces.

Inventory:

Jewellery
 f - a ring of protection from fire (left branch)
Wands
 j - a wand of flame (20)
Scrolls
 d - 2 scrolls of identify {unknown}
 e - a scroll of noise {unknown}
 g - 2 scrolls of immolation {unknown}
 i - a scroll of fog {unknown}
 k - a scroll of amnesia {unknown}
 l - a scroll of teleportation {unknown}
 m - a scroll of magic mapping {unknown}
Potions
 b - 2 potions of lignification
Comestibles
 c - 6 rations


   Skills:
 + Level 2.4 Fighting
 + Level 3.4 Dodging
 + Level 3.6 Stealth
 + Level 3.8 Unarmed Combat
 - Level 2.0 Spellcasting
   Level 1.0 Poison Magic
 - Level 1.1 Evocations


You had 7 spell levels left.
You didn't know any spells.
Your spell library contained the following spells:

 Spells                   Type           Power        Failure   Level  Hunger
 Magic Dart               Conj           ##..         2%          1    #......
 Conjure Flame            Conj/Fire      ##......     7%          3    ###....
 Slow                     Hex            ##......     3%          2    ###....
 Mephitic Cloud           Conj/Pois/Air  ##......     6%          3    ###....
 Blink                    Tloc           N/A          3%          2    ###....
 Call Imp                 Summ           ##......     3%          2    ###....


Dungeon Overview and Level Annotations

Branches:
Dungeon (3/15)

Altars:
Fedhas
Trog

Annotations:
D:2 Robin


Innate Abilities, Weirdness & Mutations

You cannot wear armour.
You are incapable of wielding weapons or throwing items.
Your paws allow you to move quietly. (Stealth)
((You have sharp claws.))
((You have razor-sharp teeth.))
You have supernaturally acute eyesight. (SInv)
You are carnivorous and can eat meat at any time.
((You cover ground quickly.))
((You are covered in fur. (AC +1)))
You have a slow metabolism.
((Your sharp claws are effective at attacking unaware monsters.))


Message History

There was something very wrong with that liquid.
You feel weakened.
You feel dopey.
You feel clumsy. The adder barely misses you.
The adder bites you but does no damage.
You smack the adder!
You kill the adder!
Welcome back to level 4!
* * * LOW HITPOINT WARNING * * *
You feel sick.
MP restored: 8 You cannot move.
You cannot move.
There is a lethal amount of poison in your body!
There is a lethal amount of poison in your body!
There is a lethal amount of poison in your body!
* * * LOW HITPOINT WARNING * * *
You feel sick.
You take 1 damage, and have 1/30 hp.
* * * LOW HITPOINT WARNING * * *
You feel sick.
You die...

..####..)<#########
#..##..#..#
##....##.##
.......).#
.##......####
#.........# ##
#......#####.#
#...>..####..#
#......♣.....##
#.)....###..>.#
######## #..#..g#
#..# .$.. #... #.
..#.. .#.##.# $.#%#
.# ## #.# .[


There were no monsters in sight!

Vanquished Creatures
  Jessica (D:2)
  4 adders
  2 worms (D:2)
  2 dart slugs (D:1)
  A leopard gecko (D:1)
  4 orcs (D:3)
  3 giant cockroaches
  8 goblins
  10 hobgoblins
  5 kobolds
  A quokka (D:3)
  A ball python (D:2)
  3 bats
  5 frilled lizards
  7 rats
57 creatures vanquished.

Notes
Turn   | Place    | Note
-------+----------+-------------------------------------------
     0 | D:1      | namelastname112 the Felid Wanderer began the quest for the Orb.
     0 | D:1      | namelastname112 set off with: 2 potions of lignification, a ration
     0 | D:1      | Reached XP level 1. HP: 9/9 MP: 4/4
   332 | D:1      | Reached XP level 2. HP: 12/12 MP: 6/6
  1252 | D:2      | Reached XP level 3. HP: 9/16 MP: 7/7
  1460 | D:2      | Noticed Robin
  1808 | D:2      | Noticed Jessica
  1815 | D:2      | Killed Jessica
  1988 | D:2      | Reached XP level 4. HP: 19/19 MP: 8/8
  2087 | D:2      | Found a blossoming altar of Fedhas.
  2087 | D:2      | Found a bloodstained altar of Trog.
  2975 | D:3      | Killed from afar by an orc priest
  2976 | D:3      | Reached XP level 3. HP: -1/16 MP: 7/7
  3022 | D:3      | Reached XP level 4. HP: 3/20 MP: 8/8
  3026 | D:3      | HP: 1/30 [poisoned by an adder]
  3034 | D:3      | Succumbed to an adder's poison

Vault maps used:
D:1:      nzn_arrival_crosshair, st_stairs_10, minmay_misc_feat_four_crosses
D:2:      gammafunk_temple_overflow_elements, first_ration,
          kennysheep_cross_room, st_stairs_5, uniq_jessica, uniq_robin
D:3:      guppyfry_early_orc_mine

Skill      XL: |  1  2  3  4 |
---------------+-------------+-----
Stealth        | 2 3 |  3.6
Dodging        | 2 3 |  3.4
Fighting       | 2 |  2.4
Unarmed Combat | |  3.8
Spellcasting   | |  2.0
Poison Magic   | |  1.0
Evocations     | |  1.1

Action                   |  1- 3 |  4- 6 || total
-------------------------+-------+-------++-------
Melee: Unarmed           |   100 |    95 ||   195
       Bite              |    14 |     7 ||    21
       Punch             |       |     1 ||     1
  Use: Potion            |     4 |     1 ||     5
 Stab: Sleeping          |     7 |     4 ||    11
       Distracted        |       |     2 ||     2
  Eat: Chunk             |     8 |     5 ||    13
Armor: Skin              |    12 |    11 ||    23
Dodge: Dodged            |    56 |    79 ||   135

Table legend:
 A = Spawn XP
 B = Non-spawn XP
 C = Spawn XP percentage of total XP
 D = Spawn monster count
 E = Non-spawn monster count
 F = Spawn count percentage of total count
 G = Total turns spent on level
                    A         B        C        D         E        F      G
               +---------+---------+-------+---------+---------+-------+---------
         Total |       0 |     192 |   0.0 |       0 |      57 |   0.0 |  3034
               +---------+---------+-------+---------+---------+-------+---------
           D:1 |       0 |      34 |   0.0 |       0 |      18 |   0.0 |  1092
           D:2 |       0 |      87 |   0.0 |       0 |      21 |   0.0 |  1404
           D:3 |       0 |      71 |   0.0 |       0 |      18 |   0.0 |   538
               +---------+---------+-------+---------+---------+-------+---------
